 Dungeon Crawl Stone Soup version 0.27-a0-1384-g1422d76b99 (webtiles) character file.

Game seed: 5362442707574040328

791 wesbby the Ruffian (level 7, -7/67 HPs)
             Began as a Troll Berserker on June 30, 2021.
             Was an Elder of Trog.
             Mangled by ptrx2's ghost (27 damage)
             ... on level 5 of the Dungeon.
             The game lasted 00:18:54 (3878 turns).

wesbby the Ruffian (Troll Berserker)                Turns: 3878, Time: 00:18:55

Health: -7/67      AC:  5    Str: 28    XL:     7   Next: 57%
Magic:  6/6        EV: 10    Int:  3    God:    Trog [****..]
Gold:   114        SH:  0    Dex:  9    Spells: 6/6 levels left

rFire    . . .     SeeInvis .     - Unarmed
rCold    . . .     Faith    .   (no shield)
rNeg     . . .     Spirit   .   a - +1 animal skin
rPois    .         Reflect  .   (helmet restricted)
rElec    .         Harm     .   (no cloak)
rCorr    .         Rampage  .   (gloves unavailable)
Will     .....                  (boots unavailable)
Stlth    +.........             (no amulet)
HPRegen  1.21/turn              (no ring)
MPRegen  0.10/turn              (no ring)

@: on berserk cooldown, slowed, very slow
A: large, unfitting armour, claws 3, regeneration 1, shaggy fur 1, tough skin 1
a: Renounce Religion, Berserk, Trog's Hand, Brothers in Arms


You were on level 5 of the Dungeon.
You worshipped Trog.
Trog was greatly pleased with you.
You visited 1 branch of the dungeon, and saw 5 of its levels.

You collected 226 gold pieces.
You spent 112 gold pieces at shops.

Inventory:

Hand Weapons
 d - a +0 whip
 f - a +0 club
 g - a +0 whip
 j - a +0 club
 p - a +1 hunting sling of flaming
 w - a +0 flail
 C - a +0 dagger
Missiles
 i - 230 stones (quivered)
 n - 43 bolts
 u - 90 arrows
 v - 7 javelins
Armour
 a - a +1 animal skin (worn)
 h - a +0 ring mail
 m - a +0 leather armour
 q - a +0 robe
 s - a +0 cloak
 t - a +0 leather armour
 x - a +1 pair of gloves
 D - a +0 leather armour
Wands
 A - a wand of flame (18)
Scrolls
 b - a scroll of teleportation
 c - a scroll of blinking
 k - a scroll of identify {unknown}
 o - 4 scrolls of enchant armour
 y - a scroll of summoning {unknown}
Potions
 e - a potion of curing


   Skills:
 + Level 3.5 Fighting
 + Level 4.3 Dodging
 + Level 1.0 Stealth
 + Level 6.9 Unarmed Combat


You had 6 spell levels left.
You didn't know any spells.
Your spell library contained the following spells:

 Spells                   Type           Power      Damage    Failure   Level
 Sandblast                Erth           0%         2d4       52%         1
 Passwall                 Tmut/Erth      0%         N/A       67%         2
 Stone Arrow              Conj/Erth      0%         3d7       88%         3
 Petrify                  Tmut/Erth      0%         N/A       99%         4
 Lee's Rapid Deconstruct  Erth           0%         3d5*      100%        5


Dungeon Overview and Level Annotations

Branches:
Dungeon (5/15)             Temple (0/1) D:4

Altars:

Shops:
D:3 !

Annotations:
D:3 2 transporters
D:5 ptrx2's ghost, novice MiBe


Innate Abilities, Weirdness & Mutations

You are too large for most types of armour.
You have claws for hands.
Your natural rate of healing is unusually fast.
You are covered in fur. (AC +1)
You have tough skin. (AC +1)


Message History

Ptrx2's ghost is moderately damaged.
Ptrx2's ghost hits you!!
You mangle ptrx2's ghost!!
Ptrx2's ghost is severely damaged.
You barely miss ptrx2's ghost.
Ptrx2's ghost is severely damaged.
Ptrx2's ghost hits you!!
You completely miss ptrx2's ghost. Your claw misses ptrx2's ghost.
Ptrx2's ghost is severely damaged.
You are too berserk!
You closely miss ptrx2's ghost.
Ptrx2's ghost is severely damaged.
Ptrx2's ghost hits you.
Okay, then.
You are too berserk!
You feel a strong urge to attack something.
You feel your anger nearly subside.
You are no longer berserk.
You are exhausted.
You feel yourself slow down.
Ptrx2's ghost crushes a nearby insect and laughs.
Ptrx2's ghost hits you!
* * * LOW HITPOINT WARNING * * *
Ptrx2's ghost stares at you.
You feel much better.
Ptrx2's ghost hits you but does no damage.
Ptrx2's ghost hits you!
You scratch ptrx2's ghost.
Ptrx2's ghost is severely damaged.
Ptrx2's ghost hits you!
You barely miss ptrx2's ghost.
Ptrx2's ghost is severely damaged.
Ptrx2's ghost hits you! x2
* * * LOW HITPOINT WARNING * * *
You feel better. Ptrx2's ghost hits you.
* * * LOW HITPOINT WARNING * * *
Ptrx2's ghost hits you!
* * * LOW HITPOINT WARNING * * *
Ptrx2's ghost barely misses you. Ptrx2's ghost hits you!!
You die...

#...........## #
######'####...
#.################
#................#
################.#
#........# #.#
#.######.# #.# #.#
#.# #.# #@# #.####
#.# #W# #....#
#.## #.# ####.#
#.## #.# #.###.##
#.#########.....##
#.........########
#########.#
#.########
#.........


You could see ptrx2's ghost.

Vanquished Creatures
  Grinder (D:3)
  Menkaure (D:4)
  A scorpion (D:4)
  A gnoll shaman (D:5)
  An orc priest (D:5)
  A bullfrog skeleton (D:5)
  A hound (D:4)
  Ijyb (D:5)
  2 orc wizards
  8 gnolls
  A howler monkey skeleton (D:4)
  6 adders
  4 dart slugs
  A worm (D:2)
  13 orcs
  6 bats
  4 endoplasms
  A giant cockroach (D:2)
  6 goblins
  6 hobgoblins
  10 jackals (D:2)
  10 kobolds
  3 quokkas
  7 ball pythons
  4 frilled lizards
  5 rats
105 creatures vanquished.

Notes
Turn   | Place    | Note
-------+----------+-------------------------------------------
     0 | D:1      | wesbby the Troll Berserker began the quest for the Orb.
     0 | D:1      | Reached XP level 1. HP: 22/22 MP: 0/0
   171 | D:1      | Reached XP level 2. HP: 25/29 MP: 1/1
   858 | D:2      | Reached XP level 3. HP: 36/36 MP: 2/2
   908 | D:2      | Reached ** piety under Trog
  1249 | D:2      | Reached XP level 4. HP: 44/44 MP: 3/3
  1273 | D:2      | Reached skill level 4 in Unarmed Combat
  1946 | D:3      | Found a transporter.
  2031 | D:3      | Found a transporter.
  2036 | D:3      | Found a faded altar of an unknown god.
  2104 | D:3      | Noticed Grinder
  2119 | D:3      | Killed Grinder
  2120 | D:3      | Reached skill level 5 in Unarmed Combat
  2120 | D:3      | Reached XP level 5. HP: 53/53 MP: 4/4
  2120 | D:3      | Reached XP level 6. HP: 61/61 MP: 5/5
  2251 | D:3      | Reached *** piety under Trog
  2437 | D:3      | Found Saokk's Distillery.
  2447 | D:3      | Bought a potion of heal wounds for 70 gold pieces
  2447 | D:3      | Bought a potion of curing for 42 gold pieces
  2748 | D:4      | Noticed Menkaure
  2787 | D:4      | Killed Menkaure
  2788 | D:4      | Reached skill level 6 in Unarmed Combat
  2950 | D:4      | Reached XP level 7. HP: 59/67 MP: 6/6
  2995 | D:4      | Found a staircase to the Ecumenical Temple.
  3240 | D:5      | Entered Level 5 of the Dungeon
  3251 | D:5      | Noticed Ijyb
  3261 | D:5      | Killed Ijyb
  3342 | D:5      | Found a runed translucent door.
  3347 | D:5      | Noticed ptrx2's ghost (novice MiBe)
  3668 | D:5      | Reached **** piety under Trog
  3671 | D:5      | Reached skill level 1 in Stealth
  3878 | D:5      | Mangled by ptrx2's ghost

Illustrated notes

Levels and vault maps discovered:
D:1:      lightli_arrival_maybe_door_vault, layout_loops_cross,
          amcnicky_mini_corridor_feature
D:2:      layout_loops_ring
D:3:      gammafunk_steamed_eel, layout_basic, basic_ecumenical_altar,
          serial_shops, nicolae_lakefront_shop, grunt_decor_cap, uniq_grinder
D:4:      layout_basic, minmay_temple_entry_enclosed_plants, uniq_menkaure
D:5:      layout_basic, ebering_ghost_sewer_f, uniq_ijyb,
          uniq_crazy_yiuf_cottage

Skill      XL: |  1  2  3  4  5  6  7 |
---------------+----------------------+-----
Dodging        | 3 4 |  4.3
Unarmed Combat | 5 6 |  6.9
Fighting       | 3 |  3.5
Stealth        | 1 |  1.0

Action                   |  1- 3 |  4- 6 |  7- 9 || total
-------------------------+-------+-------+-------++-------
Melee: Unarmed           |   106 |   122 |    82 ||   310
       Punch             |     1 |     1 |     2 ||     4
Invok: Berserk           |       |       |     1 ||     1
  Use: Scroll            |       |     6 |     1 ||     7
       Potion            |       |     2 |    10 ||    12
 Stab: Sleeping          |       |     1 |     1 ||     2
Armor: Animal skin       |    36 |    26 |    18 ||    80
Dodge: Dodged            |    56 |    62 |    51 ||   169

Table legend: (Time is in decaauts)
 A = Elapsed time spent in this place.
 B = Non-inter-level travel time spent in this place.
 C = Inter-level travel time spent in this place.
 D = Time resting spent in this place.
 E = Time spent auto-exploring this place.
 F = Levels seen in this place.
 G = Mean time per level.
                   A        B        C        D        E       F      G
               +--------+--------+--------+--------+--------+-----+--------+
         Total |   3863 |    763 |   3100 |      0 |      0 |   5 |  772.6 |
       Dungeon |   3863 |    763 |   3100 |      0 |      0 |   5 |  772.6 |
               +--------+--------+--------+--------+--------+-----+--------+

Top non-repeatable levels by time:
     D:2: 882 daAuts
     D:3: 873 daAuts
     D:1: 845 daAuts
     D:5: 643 daAuts
     D:4: 618 daAuts
